Map: Jagannatha LE

Players

MysteryMan (Rilakkuma)

  • Race: Zerg Zerg
  • Spawn Location: 1:00

Rex - Winner!

  • Race: Zerg Zerg
  • League: Master
  • Spawn Location: 7:00

Event: DreamHack SC2 Masters 2020 Winter

VOD

Have the link to the VOD?

Description

Time

  • Played on: Oct. 21, 2020, 8:25 a.m.
  • Length: 8:02

All games in this series

Show
View Real Time Build Order
Export as new Build Order

MysteryMan Zerg 

Build Orders: Pool First 

Get SALT Encoding   

  12  0:00  Drone  
  13  0:11  Overlord  
  13  0:16  Drone  
  14  0:29  Drone x2  
  14  0:34  Drone  
  17  0:43  Extractor  
  17  0:46  Spawning Pool  
  17  0:49  Drone  
  16  0:55  Drone  
  17  1:05  Drone  
  18  1:19  Hatchery  
  18  1:23  Drone  
  18  1:34  Queen  
  18  1:38  Zergling x2  
  21  1:45  Metabolic Boost  
  21  1:52  Overlord  
  21  1:57  Zergling x2  
  22  2:05  Baneling Nest  
  22  2:06  Zergling x2  
  22  2:11  Zergling x2  
  23  2:21  Zergling x2  
  24  2:31  Zergling x2  
  24  2:32  Zergling x2  
  26  2:39  Queen  
  26  2:41  Zergling x6  
  31  2:44  Zergling x2  
  31  2:48  Baneling  
  31  2:49  Baneling  
  32  2:52  Zergling x2  
  33  3:00  Zergling x2  
  33  3:01  Zergling x2  
  35  3:06  Drone  
  35  3:10  Overlord  
  35  3:23  Drone  
  35  3:24  Drone x2  
  35  3:32  Drone  
  32  3:34  Baneling  
  32  3:37  Drone x2  
  32  3:38  Drone  
  33  3:43  Drone  
  33  3:45  Drone x2  
  33  3:47  Drone  
  36  3:51  Drone  
  35  3:58  Spine Crawler  
  35  3:59  Zergling x4  
  35  4:03  Zergling x2  
  35  4:04  Zergling x2  
  35  4:09  Zergling x4  
  39  4:13  Zergling x4  
  41  4:19  Baneling x2  
  40  4:24  Zergling x4  
  40  4:25  Zergling x2  
  40  4:28  Queen  
  43  4:40  Drone  
  43  4:42  Baneling x2  
  43  4:45  Lair  
  44  4:46  Extractor  
  44  4:50  Overlord  
  44  4:52  Drone x2, Extractor  
  44  4:54  Extractor  
  44  4:55  Drone  
  44  4:58  Overlord  
  44  5:08  Overlord  
  44  5:09  Drone x4  
  44  5:13  Drone  
  48  5:19  Drone  
  49  5:25  Drone  
  50  5:30  Drone x2  
  50  5:31  Drone x2  
  54  5:37  Drone  
  54  5:38  Drone x3  
  57  5:46  Spire  
  56  5:51  Drone x3  
  58  6:06  Zergling x8  
  62  6:17  Zergling x10  
  64  6:19  Overseer  
  64  6:22  Spine Crawler  
  63  6:27  Zergling x4  
  65  6:33  Zergling x4  
  65  6:35  Hatchery  
  65  6:37  Spine Crawler  
  65  6:39  Spine Crawler  
  58  6:57  Mutalisk x7  
  61  7:02  Zergling x2  
  61  7:05  Zergling x2  
  59  7:11  Mutalisk, Spine Crawler  
  59  7:14  Zergling x2  
  41  7:26  Zergling x6  
  40  7:44  Zergling x2  
Show
View Real Time Build Order
Export as new Build Order

Rex Zerg - Winner!

Build Orders: Pool First 

Get SALT Encoding   

  12  0:00  Drone  
  13  0:12  Overlord  
  13  0:17  Drone  
  14  0:30  Drone  
  14  0:31  Drone  
  16  0:41  Spawning Pool  
  15  0:44  Drone  
  15  0:49  Drone  
  17  1:09  Hatchery  
  16  1:12  Drone  
  17  1:26  Extractor  
  17  1:27  Zergling x2  
  17  1:28  Zergling x4  
  17  1:32  Queen  
  21  1:40  Overlord  
  21  1:50  Drone  
  22  2:01  Drone  
  23  2:09  Queen  
  23  2:15  Drone  
  26  2:21  Queen  
  26  2:22  Drone x2  
  29  2:30  Spine Crawler  
  29  2:33  Metabolic Boost  
  28  2:40  Drone  
  29  2:48  Baneling Nest  
  28  2:55  Drone x3  
  31  3:02  Zergling x4  
  33  3:09  Overlord  
  33  3:15  Zergling x2  
  33  3:22  Zergling x6  
  35  3:30  Zergling x2  
  35  3:31  Zergling x2  
  35  3:32  Zergling x2  
  34  3:35  Baneling  
  34  3:36  Zergling x2  
  34  3:37  Zergling x2  
  32  3:45  Zergling x2  
  32  3:46  Zergling x2  
  32  3:48  Baneling, Zergling x2  
  32  3:50  Baneling x2  
  31  4:01  Queen  
  33  4:07  Drone x2  
  35  4:11  Drone  
  35  4:13  Drone  
  35  4:16  Drone  
  38  4:23  Queen  
  39  4:28  Drone x2  
  39  4:30  Drone  
  40  4:40  Lair, Drone  
  40  4:41  Drone  
  40  4:43  Extractor  
  41  4:46  Overlord  
  41  4:49  Extractor  
  41  4:50  Drone  
  41  4:58  Roach Warren  
  41  4:59  Drone  
  41  5:04  Queen  
  43  5:08  Drone  
  43  5:15  Drone  
  43  5:16  Overlord  
  43  5:20  Overlord  
  44  5:23  Overlord  
  44  5:31  Extractor  
  44  5:34  Drone  
  44  5:40  Queen  
  44  5:41  Nydus Network  
  46  5:45  Roach  
  46  5:46  Roach x2  
  46  5:49  Roach  
  54  5:53  Roach  
  54  5:56  Roach  
  57  5:58  Roach  
  57  6:01  Roach  
  60  6:20  Nydus Canal  
  64  6:25  Roach x2  
  64  6:26  Roach x4  
  64  6:32  Queen  
  72  6:37  Baneling x4  
  72  6:39  Nydus Canal  
  74  6:42  Roach  
  74  6:54  Queen  
  72  6:57  Nydus Canal  
  72  7:00  Roach  
  74  7:12  Roach  
  74  7:15  Roach  
  76  7:20  Spore Crawler  
  75  7:30  Spore Crawler x2  
  75  7:31  Spore Crawler  
  76  7:42  Nydus Canal  
  67  7:55  Spore Crawler  
Tags
 
Add a new tag
Caveats
  • Supply blocks, unpowered buildings, or Contaminate may cause inaccurate times.
  • Supply counts are checked every 10 seconds.